 Dungeon Crawl Stone Soup version 0.31-a0-246-g8cbcc1cb85 (webtiles) character file.

Game seed: 533673812065547647

234 qw the Shooter (level 5, -2/45 HPs)
             Began as a Minotaur Hexslinger on July 12, 2023.
             Slain by an orc
             ... wielding a +0 flail
              (4 damage)
             ... on level 4 of the Dungeon.
             The game lasted 00:00:53 (1976 turns).

qw the Shooter (Minotaur Hexslinger)                Turns: 1976, Time: 00:00:54

Health: -2/45      AC:  6    Str: 11 (12) XL:     5   Next: 75%
Magic:  5/5        EV: 15    Int:  7 (10) God:
Gold:   160        SH:  0    Dex: 14 (15) Spells: 5/6 levels left

rFire   . . .        Y - +1 sling (flame)
rCold   . . .        (no shield)
rNeg    . . .        h - +0 ring mail
rPois   .            (helmet restricted)
rElec   .            d - +0 cloak
rCorr   .            (no gloves)
SInv    .            (no boots)
Will    .....        f - amulet of the acrobat
Stlth   +            m - +5 ring of evasion
HPRegen 0.27/turn    (no ring)
MPRegen 0.09/turn

%: acrobat
@: about to teleport
A: horns 2, retaliatory headbutt
a: no special abilities


You were on level 4 of the Dungeon.
You visited 1 branch of the dungeon, and saw 4 of its levels.

You collected 188 gold pieces.
You spent 28 gold pieces at shops.


Innate Abilities, Weirdness & Mutations

You have a pair of horns on your head.
You reflexively headbutt those who attack you in melee.


   Skills:
 - Level 3.4 Fighting
 + Level 5.8 Ranged Weapons
 - Level 1.1 Armour
 - Level 2.1 Dodging
 - Level 1.0 Spellcasting
 - Level 2.0 Hexes


You had 5 spell levels left.
You knew the following spells:

 Your Spells              Type           Power      Damage    Failure   Level
a - Slow                  Hex            12%        N/A       41%         1

Your spell library contained the following spells:

 Spells                   Type           Power      Damage    Failure   Level
 Inner Flame              Hex/Fire       1%         N/A       89%         3
 Portal Projectile        Hex/Tloc       2%         N/A       89%         3
 Cause Fear               Hex            1%         N/A       99%         4

Inventory:

Hand Weapons
 Y - a +1 sling of flaming (weapon)
Armour
 d - a +0 cloak (worn)
 h - a +0 ring mail (worn)
Jewellery
 f - an amulet of the acrobat (around neck)
 m - a +5 ring of evasion (left hand)
Scrolls
 i - a scroll of identify
 l - a scroll of teleportation
Potions
 a - a potion of mutation
 e - a potion of resistance
 j - a potion of brilliance {unknown}
 k - a potion of haste
 n - a potion of lignification {unknown}

Dungeon Overview and Level Annotations

Branches:
Dungeon (4/15)
 Temple: D:4-7

Altars:
Ashenzari

Shops:
D:2 =   D:3 *


Message History

The sling bullet barely misses the orc wizard.
The jackal closely misses you. The orc closely misses you.
The orc barely misses you. You furiously retaliate!
You headbutt the orc. The orc priest hits you with a +0 club.
The orc wizard gestures at you while chanting.
The puff of flame misses you.
The puff of flame hits the jackal!
The jackal dies!
You shoot a sling bullet.
The sling bullet completely misses the orc.
The orc closely misses you. You furiously retaliate!
You headbutt the orc. The orc priest misses you. You furiously retaliate!
You headbutt the orc priest. The orc wizard misses you.
You furiously retaliate!
You headbutt the orc wizard! The orc hits you with a +0 flail.
The orc misses you. You furiously retaliate!
You headbutt the orc.
You kill the orc!
The orc wizard hits you with a +0 dagger.
The orc closely misses you. The orc priest barely misses you.
You feel your strength returning.
You shoot a sling bullet.
The sling bullet hits the orc wizard but does no damage.
The orc wizard is almost dead.
The orc hits you with a +0 flail.
The orc wizard hits you with a +0 dagger.
The orc priest misses you. The orc hits you with a +0 mace.
The endoplasm hits you but does no damage.
You shoot a sling bullet. The sling bullet hits the orc wizard.
The sling bullet burns the orc wizard.
You kill the orc wizard!
The orc closely misses you. The orc priest hits you with a +0 club.
The endoplasm barely misses you. You furiously retaliate!
You headbutt the endoplasm!
You kill the endoplasm!
The orc hits you with a +0 flail.
Your Fighting skill increases to level 3!
1976 ||| READING 2 scrolls of teleportation.
As you read the scroll of teleportation, it crumbles to dust.
You feel strangely unstable. The orc priest completely misses you.
The orc closely misses you. The orc hits you with a +0 flail.
You die...

######### .. #.......#
.. #.7%7.7.# .
#.......### #.
#<......'.## #.###
#.......#..# ..)#
#.7.7.7.##.#
####.###.......##.###
#..)@).#########....#
#..ooo....#####.....#
#......../.##........#
.....).........)##.....#
#.#####....%######.....#
. #.....# #######
#...[.# .......#
###.....#


You could see an orc priest and 2 orcs.

Vanquished Creatures
  A phantom (D:4)
  An iguana (D:4)
  An orc wizard (D:4)
  4 adders (D:2)
  2 dart slugs
  4 orcs
  5 bats
  5 endoplasms
  8 giant cockroaches
  8 goblins
  4 hobgoblins
  A jackal (D:4)
  2 kobolds
  4 quokkas
  4 ball pythons
  4 frilled lizards
  6 rats
64 creatures vanquished.

Vanquished Creatures (others)
  A jackal (D:4)
1 creature vanquished.

Grand Total: 65 creatures vanquished

Notes
Turn   | Place    | Note
-------+----------+-------------------------------------------
     0 | D:1      | qw the Minotaur Hexslinger began the quest for the Orb.
     0 | D:1      | Reached XP level 1. HP: 16/16 MP: 1/1
     0 | D:1      | 0 ||| qw: Version: 0.3-a-52-g30416fa
     0 | D:1      | 0 ||| qw: Game counter: 6431
     0 | D:1      | 0 ||| qw: Melee chars always use a shield: true
     0 | D:1      | 0 ||| qw: God list: Okawaru
     0 | D:1      | 0 ||| qw: Allow faded altars: false
     0 | D:1      | 0 ||| qw: Do Orc after clearing Dungeon:15 true
     0 | D:1      | 0 ||| qw: Do second Lair branch before Depths: true
     0 | D:1      | 0 ||| qw: Lair rune preference: random
     0 | D:1      | 0 ||| qw: Goals: Normal
     0 | D:1      | 0 ||| PLANNING D:1-11
   256 | D:1      | Reached skill level 3 in Ranged Weapons
   256 | D:1      | Reached XP level 2. HP: 23/23 MP: 2/2
   513 | D:1      | 513 ||| UPGRADING to +0 cloak.
   518 | D:1      | 518 ||| UPGRADING to amulet of the acrobat.
   523 | D:1      | 523 ||| READING scroll labelled HEUROEBYOL.
   527 | D:1      | 527 ||| READING scroll labelled EHOOLE TIRAMI.
   528 | D:1      | 528 ||| DROPPING scroll of poison.
   621 | D:2      | Reached XP level 3. HP: 29/29 MP: 3/3
   670 | D:2      | Reached skill level 4 in Ranged Weapons
   797 | D:2      | Reached XP level 4. HP: 27/36 MP: 4/4
  1055 | D:2      | Found Ylatt's One-of-a-Kind Rings.
  1072 | D:2      | 1072 ||| SHOPLISTING +3 ring of slaying (585 gold, have
                  | 73).
  1072 | D:2      | 1072 ||| SHOPLISTING +5 ring of protection (715 gold, have
                  | 73).
  1072 | D:2      | 1072 ||| SHOPLISTING +8 ring of strength (715 gold, have
                  | 73).
  1072 | D:2      | 1072 ||| SHOPLISTING +9 ring of dexterity (1014 gold, have
                  | 73).
  1072 | D:2      | 1072 ||| SHOPLISTING ring "Guopop" {*Slow Str+2 Dex+6
                  | Slay+3} (704 gold, have 73).
  1072 | D:2      | 1072 ||| SHOPLISTING ring "Tianiqi" {rPois Str+4 Int-3
                  | Dex+6 SInv} (695 gold, have 73).
  1072 | D:2      | 1072 ||| SHOPLISTING ring of Ynwytt {Fly Will+} (443 gold,
                  | have 73).
  1237 | D:2      | 1237 ||| UPGRADING to +0 ring mail.
  1247 | D:2      | 1247 ||| DROPPING +0 robe.
  1248 | D:2      | 1248 ||| UPGRADING to +5 ring of evasion.
  1249 | D:2      | 1249 ||| READING scroll labelled TUJOCE YFOE.
  1250 | D:2      | 1250 ||| DRINKING 2 emerald potions.
  1258 | D:3      | Found Tuuptoap's General Store.
  1263 | D:3      | 1263 ||| SHOPLISTING potion of haste (140 gold, have 83).
  1263 | D:3      | 1263 ||| BUYING scroll of identify (28 gold).
  1263 | D:3      | Bought a scroll of identify for 28 gold pieces
  1446 | D:3      | Found a broken altar of Ashenzari.
  1449 | D:3      | 1449 ||| READING scroll labelled WARPHI YSEODUGH.
  1450 | D:3      | 1450 ||| READING 3 scrolls of identify.
  1450 | D:3      | 1450 ||| IDENTIFYING ruby potion
  1451 | D:3      | 1451 ||| READING 2 scrolls of identify.
  1451 | D:3      | 1451 ||| IDENTIFYING fuming orange potion
  1458 | D:3      | Reached skill level 1 in Armour
  1810 | D:3      | 1810 ||| READING scroll labelled MEMIBR OLLODU.
  1811 | D:3      | 1811 ||| DRINKING 2 fuming coppery potions.
  1812 | D:3      | 1812 ||| DROPPING potion of degeneration.
  1824 | D:4      | Noticed a phantom
  1834 | D:4      | Killed a phantom
  1835 | D:4      | Reached skill level 5 in Ranged Weapons
  1835 | D:4      | Reached XP level 5. HP: 27/41 MP: 5/5
  1975 | D:4      | HP: 8/44 [orc priest/+0 club (5)]
  1975 | D:4      | HP: 2/44 [orc/+0 flail (6)]
  1976 | D:4      | Reached skill level 3 in Fighting
  1976 | D:4      | 1976 ||| READING 2 scrolls of teleportation.
  1976 | D:4      | Slain by an orc

Levels and vault maps discovered:
D:1:      ldierk_walled_garden_2, layout_basic, minmay_misc_feat_roman,
          moated_statue
D:2:      kennysheep_six_static_rooms, layout_basic, nicolae_shop_unique_rings
D:3:      layout_loops_ring, mainiacjoe_overflow_cross_hatched, serial_shops,
          shop
D:4:      layout_rooms, tso_altar, grunt_ministairs_3

Skill      XL: |  1  2  3  4  5 |
---------------+----------------+-----
Ranged Weapons | 3 4 5 |  5.8
Fighting       | 2 3 |  3.4
Armour         | 1 |  1.1
Dodging        | |  2.1
Spellcasting   | |  1.0
Hexes          | |  2.0

Action                     |  1- 3 |  4- 6 || total
---------------------------+-------+-------++-------
   Fire: Sling             |    97 |   104 ||   201
    Use: Scroll            |     2 |     6 ||     8
         Potion            |       |     2 ||     2
 Armour: Robe              |     3 |       ||     3
         Ring mail         |       |    18 ||    18
  Dodge: Dodged            |    22 |    57 ||    79

Table legend:
 A = Non-vault XP
 B = Vault XP
 C = Vault XP percentage of total XP
 D = Non-vault monster count
 E = Vault monster count
 F = Vault count percentage of total count
                 A         B        C        D         E       F
            +---------+---------+-------+---------+---------+-------
      Total |     171 |     164 |  49.0 |      56 |       8 |  12.5
            +---------+---------+-------+---------+---------+-------
        D:1 |      25 |       0 |   0.0 |      15 |       0 |   0.0
        D:2 |      66 |      22 |  25.0 |      16 |       6 |  27.3
        D:3 |      28 |       0 |   0.0 |      16 |       0 |   0.0
        D:4 |      52 |     142 |  73.2 |       9 |       2 |  18.2
            +---------+---------+-------+---------+---------+-------
